 Dungeon Crawl Stone Soup version 0.27-a0-1188-g73eefd5 (webtiles) character file.

Game seed: 5074738185795300206

26945 MercyWheel the Zephyrmancer (level 12, -1/96 HPs)
             Began as a Demigod Air Elementalist on May 21, 2021.
             Slain by a bullfrog (3 damage)
             ... while petrified by a basilisk
             ... on level 5 of the Lair of Beasts.
             The game lasted 00:41:51 (22494 turns).

MercyWheel the Zephyrmancer (DgAE)                 Turns: 22494, Time: 00:41:51

Health: -1/96      AC:  9    Str:  9    XL:     12   Next: 65%
Magic:  17/23      EV:  2    Int: 39    God:
Gold:   839        SH:  0    Dex: 14    Spells: 4/21 levels left

rFire    . . .     SeeInvis .   X - +9 sword of Zonguldrok {reap}
rCold    . . .     Faith    .   (no shield)
rNeg     + + +     Spirit   .   N - +2 robe {Archmagi}
rPois    ∞         Reflect  .   j - +0 helmet
rElec    .         Harm     .   n - +0 cloak
rCorr    .         Rampage  .   V - +0 pair of gloves
Will     +....                  B - +0 pair of boots
Stlth    ++........             (no amulet)
HPRegen  0.26/turn              l - ring of wizardry
MPRegen  0.18/turn              Z - +6 ring of intelligence

@: petrified
A: high mp 1, forlorn
a: no special abilities


You were on level 5 of the Lair of Beasts.
You visited 3 branches of the dungeon, and saw 16 of its levels.

You collected 839 gold pieces.

Inventory:

Hand Weapons
 E - a +5 hand axe of freezing
 L - a +2 scimitar of flaming
 X - the +9 sword of Zonguldrok (weapon) {reap}
   (You found it on level 5 of the Lair of Beasts)

   If a monster killed with it leaves a corpse in good enough shape, the corpse
   is reanimated as a zombie friendly to the killer.
Missiles
 r - 4 curare-tipped darts
 H - a throwing net
Armour
 a - a +0 robe
 j - a +0 helmet (worn)
 n - a +0 cloak (worn)
 x - a +2 ring mail of willpower
 B - a +0 pair of boots (worn)
 M - a +1 robe of positive energy
 N - a +2 robe of the Archmagi (worn)
 V - a +0 pair of gloves (worn)
 Y - a +2 robe of cold resistance
Jewellery
 e - a ring of ice
 l - a ring of wizardry (left hand)
 C - a ring of positive energy
 J - a ring of resist corrosion
 R - a ring of flight
 Z - a +6 ring of intelligence (right hand)
Wands
 y - a wand of acid (5)
 P - a wand of iceblast (18)
 S - a wand of charming (7)
 U - a wand of flame (43)
 W - a wand of digging (3)
Scrolls
 d - 2 scrolls of immolation {unknown}
 f - 6 scrolls of identify
 g - 3 scrolls of enchant armour {unknown}
 h - 6 scrolls of blinking {unknown}
 i - 6 scrolls of teleportation
 m - 5 scrolls of amnesia
 o - 2 scrolls of fear
 p - a scroll of enchant weapon
 q - 2 scrolls of noise {unknown}
 w - a scroll of fog {unknown}
 D - 2 scrolls of magic mapping {unknown}
 F - a scroll of silence {unknown}
 K - a scroll of brand weapon {unknown}
 Q - 5 scrolls of acquirement {unknown}
 T - 2 scrolls of holy word {unknown}
Potions
 b - 6 potions of heal wounds
 c - 2 potions of magic
 k - 3 potions of haste
 s - 2 potions of berserk rage
 t - 7 potions of curing
 u - 3 potions of attraction
 v - 3 potions of cancellation {unknown}
 z - 2 potions of mutation {unknown}
 A - a potion of invisibility
 G - 2 potions of lignification {unknown}
 I - a potion of flight {unknown}
 O - 2 potions of might {unknown}


   Skills:
 - Level 6.0 Fighting
 - Level 5.2 Armour
 - Level 6.7 Dodging
 - Level 2.0 Stealth
 - Level 5.0 Spellcasting
 - Level 11.0 Conjurations
 * Level 12.7 Air Magic


You had 4 spell levels left.
You knew the following spells:

 Your Spells              Type           Power      Damage    Failure   Level
a - Shock                 Conj/Air       100%       1d9       0%          1
b - Static Discharge      Conj/Air       100%       N/A       1%          2
c - Airstrike             Air            52%        N/A       1%          4
d - Swiftness             Air            100%       N/A       1%          3
e - Lightning Bolt        Conj/Air       50%        1d71      1%          5
f - Blink                 Tloc           N/A        N/A       1%          2

Your spell library contained the following spells:

 Spells                   Type           Power      Damage    Failure   Level
 Foxfire                  Conj/Fire      100%       2x1d9     1%          1
 Magic Dart               Conj           100%       1d8       1%          1
 Searing Ray              Conj           100%       3d7       1%          2
 Conjure Flame            Conj/Fire      68%        6-21      1%          3
 Dazzling Flash           Conj/Hex       100%       N/A       1%          3
 Fulminant Prism          Conj/Hex       34%        3d16      1%          4
 Iskenderun's Mystic Bla  Conj/Tloc      68%        2d14      1%          4
 Sticky Flame             Conj/Fire      68%        2d8       1%          4
 Confusing Touch          Hex            14%        N/A       4%          3
 Gell's Gravitas          Tloc           7%         N/A       4%          3
 Inner Flame              Hex/Fire       14%        N/A       4%          3
 Lesser Beckoning         Tloc           7%         N/A       4%          3
 Teleport Other           Tloc           14%        N/A       4%          3
 Petrify                  Tmut/Erth      14%        N/A       12%         4
 Fireball                 Conj/Fire      34%        3d14      3%          5
 Manifold Assault         Tloc           14%        N/A       32%         5
 Metabolic Englaciation   Hex/Ice        7%         N/A       32%         5
 Yara's Violent Unravell  Hex/Tmut       7%         3d5       32%         5


Dungeon Overview and Level Annotations

Branches:
Dungeon (10/15)            Temple (1/1) D:7            Lair (5/6) D:10
 Shoals (0/4) Lair:3        Snake (0/4) Lair:2
  Slime: Lair:5-6       Orc: D:9-12

Annotations:
D:2 exclusion: downstairs
D:3 3 runed translucent doors, alcopop's ghost, weakling VSWz
D:6 exclusion: downstairs
Lair:1 exclusion: downstairs
Lair:4 exclusion: downstairs
Lair:5 Snorg


Innate Abilities, Weirdness & Mutations

Your attributes grow dramatically as you level up.
You have an increased reservoir of magic. (+10% MP)
You shall have no god before yourself.


Message History

The basilisk is severely wounded.
The bullfrog croaks.
The komodo dragon hisses angrily.
You hear an angry growl.
Snorg the Insatiable comes into view.
The basilisk gazes at you.
You are slowing down.
Aiming: Airstrike (safe; 1% risk of failure)
Press: ? - help, Q - select action, (/) - cycle Dir - move target, f/p - basilisk
Aim: a basilisk (severely wounded)
You feel a surge of power!
The air twists around and strikes the basilisk!
You kill the basilisk!
The komodo dragon bites you!!
Your limbs are stiffening.
The komodo dragon bites you. The bullfrog barely misses you.
You have turned to stone.
The bullfrog hits you. The komodo dragon bites you! The bullfrog hits you.
The komodo dragon bites you!!
The bullfrog hits you but does no damage.
The bullfrog hits you but does no damage.
The komodo dragon bites you!!
The bullfrog hits you but does no damage.
The komodo dragon bites you!!
The bullfrog hits you but does no damage.
Snorg bites you! Snorg claws you but does no damage. Snorg claws you.
The bullfrog hits you but does no damage.
The komodo dragon bites you. Snorg bites you but does no damage.
Snorg claws you but does no damage. Snorg claws you.
The bullfrog hits you but does no damage.
The komodo dragon bites you!!
* * * LOW HITPOINT WARNING * * *
The bullfrog hits you.
* * * LOW HITPOINT WARNING * * *
Snorg bites you. Snorg claws you.
* * * LOW HITPOINT WARNING * * *
Snorg claws you but does no damage. The bullfrog hits you!
* * * LOW HITPOINT WARNING * * *
The komodo dragon bites you!
* * * LOW HITPOINT WARNING * * *
Snorg goes berserk!
The bullfrog hits you!
You die...

......... ......... .
......... .. #.....P..
#..####.P[..P##
†.#...#.....PP#
P......TF......
.......@l......
...............
.#.##P.###.#... ### # #
... ### ...######
############.###
.....#..###.##.P##.##....#
..........÷...............


You could see Snorg (berserk), a komodo dragon and a bullfrog.

Vanquished Creatures
  Harold (D:7)
  2 hydras
  2 boulder beetles (Lair:3)
  Erica (D:8)
  A catoblepas (Lair:2)
  Sonja (Lair:5)
  A manticore (D:9)
  An oklob plant (Lair:1)
  An ugly thing (D:9)
  5 black mambas
  An unseen horror (D:10)
  7 cane toads
  6 komodo dragons
  A rime drake (Lair:2)
  A troll (D:10)
  A kobold demonologist (D:9)
  5 polar bears
  12 blink frogs
  Sigmund (D:3)
  A wraith (D:10)
  3 wyverns
  24 yaks
  A steam dragon (D:8)
  A basilisk (Lair:5)
  3 vampire mosquitoes (D:10)
  An acid dragon (D:9)
  16 water moccasins
  2 hell hounds (Lair:2)
  An ice beast (D:7)
  2 sky beasts
  A black bear (D:6)
  5 centaurs
  An ogre (D:6)
  7 wolves (Lair:2)
  A phantom (D:5)
  2 kobold brigands
  Blork the orc (D:5)
  9 bullfrogs
  2 gnoll sergeants
  4 scorpions
  5 killer bees (D:8)
  5 wights
  3 electric eels
  A centaur zombie (D:9)
  A bullfrog zombie (D:7)
  3 jellies
  4 orc priests
  A gnoll shaman (D:9)
  3 hounds
  Terence (D:3)
  4 iguanas
  8 orc wizards
  A scorpion zombie (D:5)
  A hound skeleton (D:4)
  A howler monkey zombie (D:9)
  19 gnolls
  8 adders
  2 white imps
  An ufetubus (D:4)
  2 dart slugs
  27 orcs
  3 ball pythons
  4 bats
  4 endoplasms
  2 giant cockroaches
  3 goblins
  5 hobgoblins
  7 jackals
  16 kobolds
  3 quokkas
  4 frilled lizards
  6 rats
297 creatures vanquished.

Vanquished Creatures (others)
  A bush (Lair:2)
  42 fungi
  60 plants
103 creatures vanquished.

Grand Total: 400 creatures vanquished

Notes
Turn   | Place    | Note
-------+----------+-------------------------------------------
     0 | D:1      | MercyWheel the Demigod Air Elementalist began the quest for
                  | the Orb.
     0 | D:1      | Reached XP level 1. HP: 14/14 MP: 5/5
   125 | D:1      | Reached skill level 1 in Conjurations
   622 | D:1      | Reached skill level 3 in Air Magic
   622 | D:1      | Reached XP level 2. HP: 19/20 MP: 2/7
   636 | D:1      | Learned a level 2 spell: Static Discharge
   960 | D:1      | You fall into a shaft and drop 1 floor!
  1450 | D:2      | Reached XP level 3. HP: 26/26 MP: 5/8
  2789 | D:3      | Reached XP level 4. HP: 32/33 MP: 6/9
  2823 | D:3      | Noticed Sigmund
  2843 | D:3      | Killed Sigmund
  2844 | D:3      | Reached skill level 5 in Air Magic
  2844 | D:3      | Reached XP level 5. HP: 17/38 MP: 1/10
  2855 | D:2      | Learned a level 4 spell: Airstrike
  3114 | D:3      | Found a runed translucent gate.
  3116 | D:3      | Found a runed translucent gate.
  3117 | D:3      | Found a runed translucent gate.
  3117 | D:3      | Noticed alcopop's ghost (weakling VSWz)
  3401 | D:3      | Noticed Terence
  3418 | D:3      | Killed Terence
  3419 | D:3      | Reached XP level 6. HP: 45/45 MP: 0/11
  3718 | D:4      | Reached skill level 6 in Air Magic
  4822 | D:5      | Entered Level 5 of the Dungeon
  4832 | D:5      | Reached XP level 7. HP: 50/50 MP: 3/13
  5083 | D:5      | Noticed Blork the orc
  5086 | D:5      | Killed Blork the orc
  5087 | D:5      | Reached skill level 5 in Conjurations
  6469 | D:6      | Reached skill level 7 in Air Magic
  6582 | D:6      | Reached XP level 8. HP: 38/57 MP: 2/14
  7233 | D:6      | Learned a level 3 spell: Swiftness
  7481 | D:6      | Reached skill level 8 in Air Magic
  8482 | D:7      | Reached skill level 9 in Air Magic
  8982 | D:7      | Found a staircase to the Ecumenical Temple.
  8991 | Temple   | Entered the Ecumenical Temple
  9306 | D:7      | Reached XP level 9. HP: 62/62 MP: 4/16
 10042 | D:8      | Noticed Harold
 10278 | D:7      | Killed Harold
 10279 | D:7      | Reached skill level 1 in Armour
 10912 | D:8      | Noticed Erica
 10966 | D:8      | Killed Erica
 11182 | D:8      | Learned a level 5 spell: Lightning Bolt
 11602 | D:9      | Reached XP level 10. HP: 78/78 MP: 14/19
 11726 | D:9      | Noticed a manticore
 11730 | D:9      | Killed a manticore
 12429 | D:9      | Noticed a red ugly thing
 12443 | D:9      | Killed a red ugly thing
 12673 | D:9      | Reached skill level 10 in Air Magic
 12859 | D:10     | Entered Level 10 of the Dungeon
 13006 | D:10     | Found a staircase to the Lair.
 13442 | D:10     | Reached skill level 5 in Fighting
 14139 | D:9      | HP: 3/83 [something (6)]
 14143 | D:9      | Reached skill level 5 in Spellcasting
 14907 | Lair:1   | Entered Level 1 of the Lair of Beasts
 14947 | Lair:1   | Noticed an eight-headed hydra
 14953 | Lair:1   | Killed an eight-headed hydra
 14954 | Lair:1   | Reached skill level 5 in Dodging
 15149 | Lair:1   | Reached XP level 11. HP: 57/89 MP: 11/22
 16324 | Lair:2   | Noticed a catoblepas
 16783 | Lair:2   | Reached skill level 5 in Armour
 17522 | Lair:2   | Reached skill level 11 in Air Magic
 18491 | Lair:2   | Found a staircase to the Snake Pit.
 18583 | Lair:2   | Reached skill level 12 in Air Magic
 18878 | Lair:2   | Killed a catoblepas
 19103 | Lair:2   | Reached XP level 12. HP: 73/96 MP: 13/23
 19527 | Lair:3   | Noticed a boulder beetle
 19611 | Lair:3   | Killed a boulder beetle
 19842 | Lair:3   | Noticed a boulder beetle
 19859 | Lair:3   | Killed a boulder beetle
 20093 | Lair:3   | Found a staircase to the Shoals.
 20214 | Lair:3   | Reached skill level 10 in Conjurations
 21274 | Lair:4   | Noticed a five-headed hydra
 21279 | Lair:4   | Killed a five-headed hydra
 21498 | Lair:4   | Learned a level 2 spell: Blink
 22071 | Lair:5   | Found the +9 sword of Zonguldrok {reap}
 22071 | Lair:5   | Noticed Sonja
 22074 | Lair:5   | Killed Sonja
 22485 | Lair:5   | Noticed Snorg
 22494 | Lair:5   | HP: 2/96 [komodo dragon (7)]
 22494 | Lair:5   | Slain by a bullfrog

Illustrated notes

Levels and vault maps discovered:
D:1:      minmay_arrival_three_doors, layout_loops_ring,
          shapermc_ecumenical_altar_mp_ritualfount
D:2:      layout_rooms, serial_curves, eino_curves_03, eino_curves_04,
          basic_altar, wad_orctagon
D:3:      layout_rooms, xom_teletrap_fun, gammafunk_ghost_split, uniq_terence,
          uniq_sigmund
D:4:      layout_cave_pools, nicolae_overflow_crystal_walls,
          nrook_loot_triangle, minivault_24
D:5:      layout_basic, kennysheep_mini_moat, uniq_blork_the_orc
D:6:      layout_gridville, general_overflow_altar, kennysheep_cross_room
D:7:      layout_cave_pods, grunt_temple_overflow_open,
          minmay_temple_entry_junction
D:8:      layout_rooms, overflow_temple_1_default, kennysheep_little_box,
          uniq_erica, uniq_harold
D:9:      layout_roguey, nicolae_uskayaw_dance_hall, minmay_misc_feat_pillars
D:10:     layout_loops_corners, lair_entry_dummy, kennysheep_generic_room_4
Temple:   nicolae_temple_x_marks_the_god
Lair:1:   layout_gridlike, lemuel_fruit_tree, minmay_lair_oklob_chamber
Lair:2:   layout_regular_city, minmay_snake_entry_six_corridors,
          enter_volcano_3, grunt_megastairs_5
Lair:3:   layout_roguey, shoals_dummy_entry, nzn_sisyphean_effort
Lair:4:   layout_hall_layers, serial_bayou_shore_a, serial_bayou_shore_b,
          grunt_megastairs_1, serial_bayou_shore_b, infiniplex_staircase_pool
Lair:5:   layout_long_grid, minmay_slime_entry_oklob_enclosed,
          cheibrodos_lair_lostbears, uniq_sonja, uniq_snorg, uniq_josephine

Skill      XL: |  1  2  3  4  5  6  7  8  9 10 11 12 |
---------------+-------------------------------------+-----
Conjurations   | 1 2 3 4 6 7 8 11 | 11.0
Stealth        | 2 |  2.0
Air Magic      | 3 5 6 7 9 10 12 | 12.7
Spellcasting   | 2 4 5 |  5.0
Fighting       | 4 6 |  6.0
Armour         | 3 5 |  5.2
Dodging        | 3 5 6 |  6.7

Action                   |  1- 3 |  4- 6 |  7- 9 | 10-12 || total
-------------------------+-------+-------+-------+-------++-------
Melee: Unarmed           |     5 |       |       |       ||     5
       Dagger            |    39 |     5 |       |       ||    44
       Flail             |       |    14 |    17 |       ||    31
       Hand axe          |       |       |    20 |    80 ||   100
       Double sword      |       |       |       |     5 ||     5
 Cast: Shock             |    31 |    31 |    23 |     9 ||    94
       Static Discharge  |    32 |     8 |    49 |    64 ||   153
       Airstrike         |       |    19 |    73 |   123 ||   215
       Lightning Bolt    |       |       |     3 |    48 ||    51
Evoke: Wand              |       |       |       |     1 ||     1
  Use: Potion            |     1 |       |       |     2 ||     3
       Scroll            |       |       |     8 |     2 ||    10
 Stab: Sleeping          |     1 |       |       |       ||     1
Armor: Robe              |    16 |     5 |       |    60 ||    81
       Ring mail         |       |       |    41 |     7 ||    48
Dodge: Dodged            |    47 |    23 |    52 |   140 ||   262
       Rpst.: Double sword |       |       |       |     2 ||     2

Table legend: (Time is in decaauts)
 A = Elapsed time spent in this place.
 B = Non-inter-level travel time spent in this place.
 C = Inter-level travel time spent in this place.
 D = Time resting spent in this place.
 E = Time spent auto-exploring this place.
 F = Levels seen in this place.
 G = Mean time per level.
                   A        B        C        D        E       F      G
               +--------+--------+--------+--------+--------+-----+--------+
         Total |  22585 |  22044 |    541 |   8908 |  10740 |  16 | 1411.6 |
       Dungeon |  14949 |  14612 |    337 |   5697 |   7388 |  10 | 1494.9 |
        Temple |      1 |      1 |      0 |      0 |      0 |   1 |    1.0 |
          Lair |   7633 |   7431 |    202 |   3211 |   3352 |   5 | 1526.6 |
               +--------+--------+--------+--------+--------+-----+--------+

Top non-repeatable levels by time:
  Lair:2: 2968 daAuts
     D:6: 1946 daAuts
  Lair:1: 1913 daAuts
     D:7: 1868 daAuts
     D:9: 1733 daAuts
     D:2: 1708 daAuts
     D:5: 1702 daAuts
    D:10: 1684 daAuts
  Lair:4: 1373 daAuts
  Lair:3: 1143 daAuts
     D:4: 1133 daAuts
     D:8: 1093 daAuts
     D:3: 1045 daAuts
     D:1: 1033 daAuts
  Lair:5: 234 daAuts
